 Dungeon Crawl Stone Soup version 0.19.0-2-gae57169 (webtiles) character file.

60 Gingerlord the Cudgeler (level 4, 0/27 HPs)
             Began as a Gargoyle Gladiator on Nov 5, 2016.
             Killed from afar by an orc wizard (8 damage)
             ... with a magic dart
             ... on level 3 of the Dungeon.
             The game lasted 00:02:33 (1538 turns).

Gingerlord the Cudgeler (Gargoyle Gladiator)        Turns: 1538, Time: 00:02:33

Health: 0/27       AC: 10    Str: 19    XL:     4   Next: 6%
Magic:  4/4        EV:  9    Int:  8    God:
Gold:   100        SH:  8    Dex: 11    Spells: 0 memorised, 3 levels left

rFire  . . .     SeeInvis .     a - +0 flail
rCold  . . .     Gourm    .     k - +0 ring mail
rNeg   + . .     Faith    .     e - +0 shield
rPois  ∞         Spirit   .     c - +0 helmet
rElec  +         Reflect  .     (no cloak)
rCorr  .         Harm     .     (no gloves)
MR     .....                    (no boots)
Stlth  +.........               (no amulet)
                                (no ring)
                                (no ring)

@: no status effects
A: negative energy resistance 1, electricity resistance, unbreathing,
petrification resistance, rot immunity, AC +3
a: no special abilities


You were on level 3 of the Dungeon.
You were not hungry.

You visited 1 branch of the dungeon, and saw 3 of its levels.

You collected 100 gold pieces.

Inventory:

Hand Weapons
 a - a +0 flail (weapon)
Missiles
 d - 3 throwing nets (quivered)
Armour
 c - a +0 helmet (worn)
 e - a +0 shield (worn)
 k - a +0 ring mail (worn)
Jewellery
 q - a +3 ring of strength {unknown}
 t - a cursed ring of loudness {unknown}
Scrolls
 h - a scroll of blinking {unknown}
 i - 2 scrolls of teleportation {unknown}
 l - 6 scrolls of identify {unknown}
 n - a scroll of immolation {unknown}
 r - 2 scrolls of remove curse {unknown}
Potions
 b - a potion of brilliance {unknown}
 g - 2 potions of lignification {unknown}
 j - 2 potions of agility {unknown}
 m - 2 potions of berserk rage {unknown}
 o - a potion of curing {unknown}
 p - a potion of ambrosia {unknown}
Comestibles
 f - 2 bread rations


   Skills:
 + Level 2.5 Fighting
 + Level 3.4 Maces & Flails
 - Level 1.7 Throwing
 + Level 1.5 Armour
 + Level 2.9 Dodging
 + Level 1.2 Shields


You had 3 spell levels left.
You didn't know any spells.

Dungeon Overview and Level Annotations

Branches:
Dungeon (3/15)

Altars:
Fedhas
Makhleb
Ru
Trog
Xom


Innate Abilities, Weirdness & Mutations

You are resistant to torment.
Your stone body is resilient. (AC +3)
You are immune to poison.
You resist negative energy. (rN+)
You are resistant to electric shocks. (rElec)
You can survive without breathing.
You are immune to petrification.
You are immune to rotting.


Message History

You're too confused to move!
Something hits you but does no damage.
You bump into the rock wall.
You hear some strange, mumbled words.
A magic dart appears from out of thin air!
The magic dart hits you!
You bump into the rock wall.
Something hits you.
* * * LOW HITPOINT WARNING * * *
You bump into the rock wall.
You feel less confused.
An orc wizard appears from thin air!
Reactivating autopickup.
The orc wizard hits you but does no damage.
You closely miss the orc wizard.
The orc wizard is almost dead.
The orc wizard hits you but does no damage.
You barely miss the orc wizard.
The orc wizard is almost dead.
The orc wizard casts a spell at you. The magic dart hits you!
You die...

#...# #...#####
#######S..#...#
#..............
....{..........
#o....o........
#...# ########...#
#...@ooSo..#
#.#####o...#
###.#####....#
#...##.......#
###...##.##.####
#...........###
#.............####
#........#.......#
###...##.#.......#


You could see an orc wizard, an adder and 3 orcs.

Vanquished Creatures
  2 adders (D:2)
  An ooze (D:2)
  2 worms (D:2)
  A dart slug (D:2)
  An orc (D:3)
  2 giant cockroaches
  A goblin (D:1)
  6 hobgoblins
  A quokka (D:3)
  6 bats
  2 frilled lizards
  3 kobolds
  A rat (D:2)
29 creatures vanquished.

Notes
Turn   | Place    | Note
-------+----------+-------------------------------------------
     0 | D:1      | Gingerlord the Gargoyle Gladiator began the quest for the Orb.
     0 | D:1      | Reached XP level 1. HP: 12/12 MP: 1/1
   235 | D:1      | Reached XP level 2. HP: 13/17 MP: 2/2
   396 | D:2      | Reached skill level 1 in Armour
   447 | D:2      | Reached XP level 3. HP: 14/22 MP: 3/3
   987 | D:2      | Reached skill level 1 in Shields
  1336 | D:2      | Found a blossoming altar of Fedhas.
  1336 | D:2      | Found a bloodstained altar of Trog.
  1344 | D:2      | Found a burning altar of Makhleb.
  1346 | D:2      | Found a sacrificial altar of Ru.
  1351 | D:2      | Found a shimmering altar of Xom.
  1448 | D:3      | Reached XP level 4. HP: 25/27 MP: 4/4
  1538 | D:3      | Killed from afar by an orc wizard

Skill      XL: |  1  2  3 |
---------------+----------+-----
Armour         | 1 |  1.5
Shields        | 1 |  1.2
Fighting       | |  2.5
Maces & Flails | |  3.4
Throwing       | |  1.7
Dodging        | |  2.9

Action                   |  1- 3 |  4- 6 || total
-------------------------+-------+-------++-------
Melee: Flail             |   115 |    30 ||   145
  Eat: Meat ration       |     1 |       ||     1
Armor: Leather armour    |    14 |       ||    14
       Ring mail         |    42 |    18 ||    60
Dodge: Dodged            |    50 |     4 ||    54
Block: Shield            |    49 |    10 ||    59
